 Dungeon Crawl Stone Soup version 0.30-a0-140-gd1020e658a (webtiles) character file.

Game seed: 4707642168358081434

991 qw the Chopper (level 8, -20/49 HPs)
             Began as a Gargoyle Fighter on Sept 24, 2022.
             Killed from afar by a steam dragon (25 damage)
             ... with a ball of steam
             ... on level 6 of the Dungeon.
             The game lasted 00:01:49 (6745 turns).

qw the Chopper (Gargoyle Fighter)                   Turns: 6745, Time: 00:01:49

Health: -20/49     AC: 18    Str: 22    XL:     8   Next: 18%
Magic:  8/8        EV:  7    Int:  9    God:
Gold:   238        SH:  4    Dex:  9    Spells: 7/7 levels left

rFire   . . .      SeeInvis +    f - +1 war axe (vamp)
rCold   . . .      Faith    .    c - +0 buckler
rNeg    + . .      Spirit   .    e - +0 chain mail
rPois   inf        Reflect  .    q - +0 helmet
rElec   +          Harm     .    (no cloak)
rCorr   .          Rampage  .    h - +1 pair of gloves
Will    .....                    (no boots)
Stlth   ..........               m - amulet of Goocal {Acrobat rElec}
HPRegen 0.16/turn                (no ring)
MPRegen 0.11/turn                (no ring)

@: about to teleport
A: sickness immunity, AC +5, negative energy resistance 1, electricity
resistance, torment resistance 1, petrification resistance, hooves 1, see
invisible, deterioration 1, MP-powered wands
a: no special abilities


You were on level 6 of the Dungeon.
You visited 1 branch of the dungeon, and saw 6 of its levels.

You collected 238 gold pieces.


Innate Abilities, Weirdness & Mutations

You are immune to sickness and miasma.
Your stone body is resilient. (AC +5)
You are immune to poison.
You resist negative energy. (rN+)
You are resistant to electric shocks. (rElec)
You are resistant to unholy torment.
You are immune to petrification.
You have large cloven feet.
You have supernaturally acute eyesight. (SInv)
Your body sometimes deteriorates upon taking damage.
You expend magic power (3 MP) to strengthen your wands.


   Skills:
 - Level 5.1 Fighting
 + Level 7.5 Axes
 - Level 1.3 Throwing
 - Level 3.2 Armour
 - Level 1.2 Dodging
 - Level 3.2 Shields


You had 7 spell levels left.
You didn't know any spells.
Your spell library was empty.

Inventory:

Hand Weapons
 f - a +1 vampiric war axe (weapon)
 o - a +0 morningstar of protection
Missiles
 p - 4 boomerangs (quivered)
Armour
 c - a +0 buckler (worn)
 e - a +0 chain mail (worn)
 h - a +1 pair of gloves (worn)
 q - a +0 helmet (worn)
Jewellery
 b - a ring of fire
 m - the amulet of Goocal (around neck) {Acrobat rElec}
   (You acquired it on level 4 of the Dungeon)

   [amulet of the acrobat]

   It increases your evasion while moving and waiting.
   rElec:     It insulates you from electricity.
Scrolls
 g - 4 scrolls of teleportation
 n - a scroll of brand weapon
 r - a scroll of torment {unknown}
Potions
 a - 3 potions of mutation
 d - a potion of might
 i - a potion of brilliance {unknown}
 j - a potion of resistance {unknown}
 k - a potion of curing
 l - a potion of lignification {unknown}

Dungeon Overview and Level Annotations

Branches:
Dungeon (6/15)
 Temple: D:4-7

Altars:
Elyvilon
Hepliaklqana
Uskayaw

Annotations:
D:3 2 runed translucent doors, qw's ghost, amateur GrFi


Message History

The steam dragon is moderately wounded.
The steam dragon breathes steam at you. The ball of steam hits you!
You hit the steam dragon but do no damage.
Your kick misses the steam dragon.
The steam dragon is moderately wounded.
You are engulfed in a cloud of scalding steam.
The steam dragon bites you.
The steam dragon claws you but does no damage.
The steam dragon bites you!
The steam dragon claws you but does no damage.
You hit the steam dragon.
You feel better.
Your kick misses the steam dragon.
The steam dragon is moderately wounded.
You are engulfed in a cloud of scalding steam.
The steam dragon bites you but does no damage.
The steam dragon barely misses you.
You slash the steam dragon! Your kick misses the steam dragon.
The steam dragon is heavily wounded.
The steam dragon barely misses you. You block the steam dragon's attack.
You hit the steam dragon.
You feel better.
Your kick misses the steam dragon.
The steam dragon is heavily wounded.
The steam dragon barely misses you.
The steam dragon claws you but does no damage.
You slash the steam dragon!
You kick the steam dragon, but do no damage.
The steam dragon is almost dead.
The steam dragon bites you. The steam dragon claws you.
You completely miss the steam dragon.
The steam dragon is almost dead.
The steam dragon breathes steam at you. The ball of steam hits you!!
The steam dragon barely misses you. x2
You hear a howl!
6745 ||| READING 5 scrolls of teleportation.
As you read the scroll of teleportation, it crumbles to dust.
You feel strangely unstable.
You are engulfed in a cloud of scalding steam.
The steam dragon breathes steam at you. The ball of steam hits you!!
Ouch! That really hurt!
You die...

......?.#..............
........>...[.....##...
.......#...........# ..
.......##.........####..
....<..##...............
.......###.....¤........
.......# #.....¤¤##.....
...###..##.!....¤##.....
... ..........@.....#.
### #.........D....##
......####.....# ......
....#.# .!. #...# # ..
..... ...... .....#


You could see a steam dragon (catching breath).

Vanquished Creatures
  Menkaure (D:5)
  A water moccasin (D:5)
  A phantom (D:4)
  A kobold brigand (D:6)
  A necrophage (D:5)
  A scorpion (D:6)
  A jelly (D:6)
  A hound (D:6)
  4 orc priests
  2 orc wizards
  9 gnolls
  9 adders
  A shadow imp (D:6)
  A white imp (D:6)
  3 dart slugs
  19 orcs
  4 ball pythons
  5 endoplasms
  4 goblins
  A hobgoblin (D:3)
  3 quokkas
  5 bats
  3 frilled lizards
  8 kobolds
  6 rats
95 creatures vanquished.

Vanquished Creatures (others)
  4 toadstools (D:1)
4 creatures vanquished.

Grand Total: 99 creatures vanquished

Notes
Turn   | Place    | Note
-------+----------+-------------------------------------------
     0 | D:1      | qw the Gargoyle Fighter began the quest for the Orb.
     0 | D:1      | Reached XP level 1. HP: 14/14 MP: 1/1
     0 | D:1      | 0 ||| qw: Version: 0.1.0-9-gbc19398
     0 | D:1      | 0 ||| qw: Game counter: 5
     0 | D:1      | 0 ||| qw: Always use a shield: true
     0 | D:1      | 0 ||| qw: God list: Okawaru
     0 | D:1      | 0 ||| qw: Allow faded altars: false
     0 | D:1      | 0 ||| qw: Do Orc after D:15 true
     0 | D:1      | 0 ||| qw: Do second Lair branch before Depths: true
     0 | D:1      | 0 ||| qw: Lair rune preference: random
     0 | D:1      | 0 ||| qw: Plans: Normal, Zot:1-4, God:TSO, Crypt, Tomb,
                  | Pan, Slime:5, Hells, Abyss, Orb
     0 | D:1      | 0 ||| PLANNING D:1-11
    87 | D:1      | Reached skill level 2 in Axes
   161 | D:1      | 161 ||| Stepping ~*~*~tactically~*~*~ (stealth).
   163 | D:1      | 163 ||| Stepping ~*~*~tactically~*~*~ (hiding).
   166 | D:1      | 166 ||| Stepping ~*~*~tactically~*~*~ (hiding).
   175 | D:1      | Reached XP level 2. HP: 12/19 MP: 2/2
   930 | D:1      | You fall into a shaft and drop 1 floor!
   965 | D:2      | Reached skill level 3 in Axes
   965 | D:2      | Reached XP level 3. HP: 22/23 MP: 3/3
  1029 | D:2      | 1029 ||| DROPPING +0 club.
  1034 | D:2      | 1034 ||| Stepping ~*~*~tactically~*~*~ (hiding).
  1176 | D:2      | 1176 ||| DROPPING orb of guile.
  1177 | D:2      | 1177 ||| READING scroll labelled ZAGETUI ZOBAGU.
  1178 | D:2      | 1178 ||| READING 2 scrolls labelled MEVVUS ATZAILUU.
  1183 | D:2      | 1183 ||| READING scroll labelled SUMIFECLEAFO.
  1184 | D:2      | 1184 ||| READING scroll labelled IHAKHO REOCU.
  1285 | D:2      | 1285 ||| DRINKING 2 smoky cyan potions.
  1286 | D:2      | 1286 ||| DRINKING 2 orange potions.
  1287 | D:2      | 1287 ||| DROPPING potion of degeneration.
  1320 | D:2      | 1320 ||| Stepping ~*~*~tactically~*~*~ (stealth).
  1620 | D:2      | Reached skill level 4 in Axes
  1620 | D:2      | Reached XP level 4. HP: 8/28 MP: 4/4
  1622 | D:2      | HP: 5/28 [orc/+0 trident (3)]
  1623 | D:2      | 1623 ||| READING scroll of teleportation.
  2172 | D:2      | 2172 ||| UPGRADING to +0 chain mail.
  2182 | D:2      | 2182 ||| DROPPING +0 scale mail.
  2183 | D:2      | 2183 ||| READING scroll labelled UTZEJO NEMAIM.
  2299 | D:3      | 2299 ||| Stepping ~*~*~tactically~*~*~ (stealth).
  2301 | D:3      | 2301 ||| Stepping ~*~*~tactically~*~*~ (hiding).
  2314 | D:3      | 2314 ||| FLEEEEING.
  2316 | D:3      | 2316 ||| FLEEEEING.
  2317 | D:3      | 2317 ||| FLEEEEING.
  2318 | D:3      | 2318 ||| FLEEEEING.
  2319 | D:3      | 2319 ||| FLEEEEING.
  2320 | D:3      | 2320 ||| FLEEEEING.
  2321 | D:3      | 2321 ||| FLEEEEING.
  2322 | D:3      | 2322 ||| FLEEEEING.
  2323 | D:3      | 2323 ||| FLEEEEING.
  2324 | D:3      | 2324 ||| FLEEEEING.
  2325 | D:3      | 2325 ||| FLEEEEING.
  2326 | D:3      | 2326 ||| FLEEEEING.
  2327 | D:3      | 2327 ||| FLEEEEING.
  2328 | D:3      | 2328 ||| FLEEEEING.
  2329 | D:3      | 2329 ||| FLEEEEING.
  2330 | D:3      | 2330 ||| FLEEEEING.
  2331 | D:3      | 2331 ||| FLEEEEING.
  2332 | D:3      | 2332 ||| FLEEEEING.
  2333 | D:3      | 2333 ||| FLEEEEING.
  2334 | D:3      | 2334 ||| FLEEEEING.
  2335 | D:3      | 2335 ||| FLEEEEING.
  2336 | D:3      | 2336 ||| FLEEEEING.
  2337 | D:3      | 2337 ||| FLEEEEING.
  2338 | D:3      | 2338 ||| FLEEEEING.
  2339 | D:3      | 2339 ||| FLEEEEING.
  2340 | D:3      | 2340 ||| FLEEEEING.
  2341 | D:3      | 2341 ||| FLEEEEING.
  2342 | D:3      | 2342 ||| FLEEEEING.
  2343 | D:3      | 2343 ||| FLEEEEING.
  2345 | D:3      | 2345 ||| FLEEEEING.
  2346 | D:3      | 2346 ||| FLEEEEING.
  2347 | D:3      | 2347 ||| FLEEEEING.
  2348 | D:3      | 2348 ||| FLEEEEING.
  2349 | D:3      | 2349 ||| FLEEEEING.
  2350 | D:3      | 2350 ||| FLEEEEING.
  2351 | D:3      | 2351 ||| FLEEEEING.
  2352 | D:3      | 2352 ||| FLEEEEING.
  2353 | D:3      | 2353 ||| FLEEEEING.
  2354 | D:3      | 2354 ||| FLEEEEING.
  2355 | D:3      | 2355 ||| FLEEEEING.
  2356 | D:3      | 2356 ||| FLEEEEING.
  2357 | D:3      | 2357 ||| FLEEEEING.
  2358 | D:3      | 2358 ||| FLEEEEING.
  2359 | D:3      | 2359 ||| FLEEEEING.
  2360 | D:3      | 2360 ||| FLEEEEING.
  2361 | D:3      | 2361 ||| FLEEEEING.
  2362 | D:3      | 2362 ||| FLEEEEING.
  2363 | D:3      | 2363 ||| FLEEEEING.
  2364 | D:3      | 2364 ||| FLEEEEING.
  2365 | D:3      | 2365 ||| FLEEEEING.
  2366 | D:3      | 2366 ||| FLEEEEING.
  2368 | D:3      | 2368 ||| FLEEEEING.
  2369 | D:3      | 2369 ||| FLEEEEING.
  2370 | D:3      | 2370 ||| FLEEEEING.
  2371 | D:3      | 2371 ||| FLEEEEING.
  2372 | D:3      | 2372 ||| FLEEEEING.
  2373 | D:3      | 2373 ||| FLEEEEING.
  2374 | D:3      | 2374 ||| STAIRDANCE
  2432 | D:3      | Reached XP level 5. HP: 32/32 MP: 5/5
  2484 | D:3      | 2484 ||| Stepping ~*~*~tactically~*~*~ (hiding).
  2593 | D:3      | Found a runed translucent door.
  2594 | D:3      | Noticed qw's ghost (amateur GrFi)
  2757 | D:3      | 2757 ||| Stepping ~*~*~tactically~*~*~ (hiding).
  3402 | D:3      | Found a runed translucent door.
  3605 | D:3      | 3605 ||| READING scroll labelled BIES LAATESHRAM.
  3606 | D:3      | 3606 ||| DROPPING +0 mace.
  3607 | D:3      | 3607 ||| DRINKING 2 metallic coppery potions.
  3607 | D:3      | Gained mutation: Your body sometimes deteriorates upon
                  | taking damage. [potion of mutation]
  3607 | D:3      | Gained mutation: You have hidden genetic potential. [potion
                  | of mutation]
  3607 | D:3      | Gained mutation: You have supernaturally acute eyesight.
                  | (SInv) [potion of mutation]
  3788 | D:4      | Found a white marble altar of Elyvilon.
  3841 | D:4      | 3841 ||| Stepping ~*~*~tactically~*~*~ (stealth).
  3847 | D:4      | Noticed a phantom
  3848 | D:4      | 3848 ||| Stepping ~*~*~tactically~*~*~ (stealth).
  3850 | D:4      | 3850 ||| Stepping ~*~*~tactically~*~*~ (stealth).
  3857 | D:4      | Killed a phantom
  3858 | D:4      | Reached skill level 5 in Axes
  3858 | D:4      | Reached XP level 6. HP: 27/37 MP: 6/6
  3998 | D:4      | 3998 ||| Stepping ~*~*~tactically~*~*~ (stealth).
  4015 | D:4      | Reached skill level 1 in Throwing
  4018 | D:4      | Gained mutation: You expend magic power (3 MP) to
                  | strengthen your wands. [hidden potential]
  4262 | D:4      | 4262 ||| Stepping ~*~*~tactically~*~*~ (stealth).
  4268 | D:4      | 4268 ||| Stepping ~*~*~tactically~*~*~ (stealth).
  4425 | D:4      | 4425 ||| Stepping ~*~*~tactically~*~*~ (stealth).
  4426 | D:4      | 4426 ||| Stepping ~*~*~tactically~*~*~ (stealth).
  4607 | D:4      | 4607 ||| READING 3 scrolls of brand weapon.
  4607 | D:4      | 4607 ||| BRANDING +1 war axe of flaming.
  4608 | D:4      | 4608 ||| READING 2 scrolls of brand weapon.
  4608 | D:4      | 4608 ||| BRANDING +1 vorpal war axe.
  4661 | D:4      | 4661 ||| DROPPING +0 club.
  4680 | D:4      | 4680 ||| DROPPING +0 whip.
  4782 | D:4      | 4782 ||| Stepping ~*~*~tactically~*~*~ (stealth).
  4783 | D:4      | 4783 ||| Stepping ~*~*~tactically~*~*~ (stealth).
  4786 | D:4      | 4786 ||| Stepping ~*~*~tactically~*~*~ (stealth).
  4787 | D:4      | 4787 ||| Stepping ~*~*~tactically~*~*~ (stealth).
  4788 | D:4      | 4788 ||| Stepping ~*~*~tactically~*~*~ (stealth).
  4917 | D:4      | 4917 ||| UPGRADING to +0 pair of gloves.
  4922 | D:4      | 4922 ||| READING scroll labelled NANUGG ZIUDDO.
  4923 | D:4      | 4923 ||| READING scroll labelled UNTIXOVVIP.
  4923 | D:4      | Identified a scroll of acquirement
  4923 | D:4      | 4923 ||| ACQUIRING amulet of Goocal {Acrobat rElec}
  4923 | D:4      | Acquired the amulet of Goocal {Acrobat rElec}
  4925 | D:4      | 4925 ||| UPGRADING to amulet of Goocal {Acrobat rElec}.
  4935 | D:5      | Entered Level 5 of the Dungeon
  5052 | D:5      | 5052 ||| Stepping ~*~*~tactically~*~*~ (hiding).
  5299 | D:5      | Identified the +3 spear "Gaylib" {vorpal, Fly rCorr}
  5404 | D:5      | Noticed a water moccasin
  5420 | D:5      | HP: 7/38 [water moccasin (4)]
  5421 | D:5      | 5421 ||| READING 6 scrolls of teleportation.
  5424 | D:5      | Killed a water moccasin
  5425 | D:5      | Reached skill level 6 in Axes
  5425 | D:5      | Reached XP level 7. HP: 10/43 MP: 7/7
  5428 | D:5      | Gained mutation: You have large cloven feet. [hidden
                  | potential]
  5428 | D:5      | Lost mutation: You have hidden genetic potential. [hidden
                  | potential expressed]
  5697 | D:5      | Found a hazy altar of Hepliaklqana.
  5825 | D:5      | Reached skill level 1 in Dodging
  5832 | D:5      | 5832 ||| Stepping ~*~*~tactically~*~*~ (stealth).
  5924 | D:5      | Found a hide-covered altar of Uskayaw.
  6187 | D:5      | Noticed Menkaure
  6188 | D:5      | 6188 ||| Stepping ~*~*~tactically~*~*~ (hiding).
  6201 | D:5      | Killed Menkaure
  6549 | D:5      | 6549 ||| UPGRADING to +0 helmet.
  6554 | D:5      | 6554 ||| READING 2 scrolls labelled OBBANW SEGHUCU.
  6555 | D:5      | 6555 ||| READING scroll of enchant armour.
  6555 | D:5      | 6555 ||| ENCHANTING +0 pair of gloves.
  6556 | D:5      | 6556 ||| READING scroll labelled ZEOTO MEMA.
  6557 | D:5      | 6557 ||| READING scroll labelled WIMIRGH GOADUIT.
  6579 | D:6      | Reached skill level 7 in Axes
  6579 | D:6      | 6579 ||| FLEEEEING.
  6580 | D:6      | 6580 ||| FLEEEEING.
  6581 | D:6      | 6581 ||| FLEEEEING.
  6582 | D:6      | 6582 ||| FLEEEEING.
  6583 | D:6      | 6583 ||| FLEEEEING.
  6584 | D:6      | 6584 ||| FLEEEEING.
  6585 | D:6      | 6585 ||| FLEEEEING.
  6707 | D:6      | Reached XP level 8. HP: 42/49 MP: 8/8
  6727 | D:6      | 6727 ||| Stepping ~*~*~tactically~*~*~ (hiding).
  6744 | D:6      | HP: 7/49 [steam dragon/ball of steam (19)]
  6745 | D:6      | 6745 ||| READING 5 scrolls of teleportation.
  6745 | D:6      | Killed from afar by a steam dragon

Levels and vault maps discovered:
D:1:      ldierk_walled_garden_2, layout_basic
D:2:      layout_loops_cross, minmay_misc_feat_plants
D:3:      layout_basic, ebering_ghost_sewer_f
D:4:      nicolae_cairo_tiling, layout_layer_cave,
          mainiacjoe_overflow_tiny_flanked, serial_bayou_crossing
D:5:      layout_layer_cave, nicolae_uskayaw_dance_hall,
          mainiacjoe_overflow_six_doors_small, uniq_menkaure
D:6:      layout_cave_pools, lemuel_flamethrower_2

Skill      XL: |  1  2  3  4  5  6  7 |
---------------+----------------------+-----
Axes           | 2 3 4 5 6 7 |  7.5
Throwing       | 1 |  1.3
Fighting       | 4 5 |  5.1
Dodging        | 1 |  1.2
Armour         | |  3.2
Shields        | |  3.2

Action                   |  1- 3 |  4- 6 |  7- 9 || total
-------------------------+-------+-------+-------++-------
Melee: War axe           |    58 |   148 |    89 ||   295
       Kick              |       |       |    21 ||    21
Throw: Javelin           |       |    20 |     3 ||    23
       Boomerang         |       |     5 |    12 ||    17
  Use: Scroll            |     4 |     8 |     5 ||    17
       Potion            |     2 |     1 |       ||     3
Armor: Scale mail        |    25 |     6 |       ||    31
       Chain mail        |       |    78 |    54 ||   132
Dodge: Dodged            |    26 |    49 |    42 ||   117
Block: Buckler           |    10 |    28 |    18 ||    56

Table legend:
 A = Non-vault XP
 B = Vault XP
 C = Vault XP percentage of total XP
 D = Non-vault monster count
 E = Vault monster count
 F = Vault count percentage of total count
                 A         B        C        D         E       F
            +---------+---------+-------+---------+---------+-------
      Total |    1252 |     165 |  11.6 |      94 |       1 |   1.1
            +---------+---------+-------+---------+---------+-------
        D:1 |      20 |       0 |   0.0 |      11 |       0 |   0.0
        D:2 |      94 |       0 |   0.0 |      16 |       0 |   0.0
        D:3 |      84 |       0 |   0.0 |      18 |       0 |   0.0
        D:4 |     285 |       0 |   0.0 |      19 |       0 |   0.0
        D:5 |     358 |     165 |  31.5 |      12 |       1 |   7.7
        D:6 |     411 |       0 |   0.0 |      18 |       0 |   0.0
            +---------+---------+-------+---------+---------+-------
